[Event "Baku Open 2024"]
[Site "Baku"]
[Date "2024.07.05"]
[Round "7.30"]
[White "Mammadova, Gulnar"]
[Black "Bizhigitov, Zhangir"]
[Result "1-0"]
[ECO "B51"]
[WhiteElo "2348"]
[BlackElo "2212"]
[Annotator "TA"]
[PlyCount "55"]
[EventDate "2024.06.29"]
[EventType "swiss"]
[EventCountry "AZE"]
[SourceTitle "playchess.com"]
[Source "ChessBase"]
[SourceQuality "1"]
[TimeControl "5400+30"]

1. e4 c5 2. Nf3 d6 3. Bb5+ Nd7 4. a4 Ngf6 5. Nc3 g6 6. O-O Bg7 7. a5 a6 8. Be2 {[%emt 0:00:05] Weiß steht etwas besser.} O-O 9. d3 b5 10. axb6 Nxb6 11. Bf4 a5 12. Qd2 Re8 13. h4 Bb7 14. Bh6 e5 15. Bxg7 Kxg7 16. Nh2 d5 17. exd5 Nfxd5 18. Nxd5 Qxd5 (18... Nxd5 $11 {hält das Gleichgewicht.} 19. Bf3 Bc6) 19. Bf3 $16 (19. Rxa5 $2 Qxg2#) 19... e4 {[%emt 0:01:32] [#]} 20. Ng4 $1 Kh8 $2 {[%emt 0:05:38][%mdl 8192] Führt Schwarz ins Verderben.} (20... exf3 $2 21. Qh6+ Kh8 22. Nf6 $18) (20... Qf5 $16 21. Qh6+ Kg8 22. dxe4 Bxe4) 21. Nf6 $18 {[%emt 0:11:35] Weiss will mit Qh6 Matt setzen.} (21. dxe4 $2 Qxd2 22. Nf6 Re6 $19) 21... Qd4 22. Nxe8 Rxe8 23. Rfe1 (23. Qxa5 exf3 24. Qxb6 fxg2 25. Qxb7 (25. Rfe1 $2 Rxe1+ 26. Rxe1 Qxh4 $19) 25... gxf1=Q+ (25... gxf1=N 26. Qxf7 Qg4+ 27. Kxf1 $11) (25... gxf1=R+ 26. Kxf1 Qxh4 27. Qf3 $11) 26. Kxf1 Qxh4 $11) 23... Bc6 (23... Kg8 $142 24. Qc3 (24. Rxa5 $2 Nc4 $19) (24. Qxa5 e3 $18) 24... Qxc3 25. bxc3 Ra8 26. Bxe4 Bxe4 27. Rxe4 a4) 24. Qxa5 {[%emt 0:04:55] Weiß steht klar auf Gewinn.} e3 25. Rxe3 (25. Bxc6 exf2+ 26. Kf1 fxe1=Q+ 27. Rxe1 Rxe1+ 28. Kxe1 Qxh4+ 29. Kd1 Qf2 $14) 25... Rxe3 26. fxe3 Qxe3+ 27. Kf1 Bxf3 28. Qc3+ {[%emt 0:00:24] Gewichteter Fehlerwert: Weiß=0.03 (makellos) /Schwarz=0.45.  Verlustzug:     	---       	Schwarz=1     Fehler:       	---       	Schwarz=2     Ungenau:       	Weiß=1     	---        OK:         	Weiß=9     	Schwarz=9     Bester:       	Weiß=6     	---        Stark:        	Weiß=1     	---} (28. Qxb6 $2 {führt zum Matt.} Qe2+ 29. Kg1 Qxg2#) ({Schlechter ist} 28. gxf3 Qxf3+ 29. Ke1 Qg3+ 30. Kd2 Nc4+ 31. dxc4 Qf4+ 32. Ke2 Qe4+ 33. Kd2 Qd4+ 34. Ke2 Qe4+ 35. Kd2 Qf4+ 36. Kd1 Qf3+ 37. Ke1 Qe3+ 38. Kd1 Qf3+ 39. Ke1 Qe3+ 40. Kd1 Qf3+ $11) 1-0

[Event "Baku Open 2024"]
[Site "Baku"]
[Date "2024.07.05"]
[Round "7.31"]
[White "Serikbay, Assel"]
[Black "Hamidov, Allahverdi"]
[Result "1-0"]
[ECO "D37"]
[WhiteElo "2217"]
[BlackElo "2307"]
[Annotator "TA"]
[PlyCount "95"]
[EventDate "2024.06.29"]
[EventType "swiss"]
[EventCountry "AZE"]
[SourceTitle "playchess.com"]
[Source "ChessBase"]
[SourceQuality "1"]
[TimeControl "5400+30"]

1. d4 d5 2. Nf3 e6 3. c4 Nf6 4. Nc3 Be7 5. Bf4 O-O 6. e3 Nbd7 7. c5 c6 8. Bd3 b6 9. b4 a5 10. a3 Ba6 11. Bxa6 {[%emt 0:04:13] Weiß steht etwas besser.} Rxa6 12. Qe2 Qa8 13. b5 cxb5 14. Nxb5 Qc6 {[%emt 0:07:05] [#]} (14... bxc5 $2 15. Nc7 $18) (14... Rc8 $11) 15. Bd6 $1 $16 Bxd6 16. cxd6 Ne4 17. O-O {[%emt 0:01:15] Und jetzt Rfc1 wäre schön.} Rc8 18. Nc7 $36 {[%emt 0:08:35][%mdl 2048] Pariert Raa8. Schwarz muss aufpassen.} Ra7 19. Rac1 Qb7 {[%emt 0:04:29] [#] Verliert die Partie.} (19... Qxd6 $2 20. Nb5 Rxc1 21. Rxc1 $18 (21. Nxd6 Rxf1+ 22. Kxf1 Nxd6 $16)) (19... Qa4 $16 20. Qb5 Qxb5 21. Nxb5 Raa8) 20. Nb5 $1 $18 Raa8 21. Rc7 Rxc7 22. dxc7 (22. Nxc7 Rc8 23. Nb5 f6 $11) 22... Qc6 23. Qb2 Nd6 24. Rc1 Nc4 25. Nd2 Nf6 26. a4 Ne8 27. Nxc4 dxc4 28. Qa2 Nd6 29. Nxd6 Qxd6 30. Qxc4 {[%emt 0:00:27][%mdl 4096] Endspiel. KQR-KQR} Rc8 31. Qa6 Qd7 {[%emt 0:00:22] [#]} 32. Rc6 $3 e5 (32... g5 33. Qxb6) 33. Qxb6 ({Schwächer ist} 33. Rxb6 Qxc7 34. g3 (34. Qxa5 $2 {wird mattgesetzt.} Qc1+) 34... exd4 $16) 33... exd4 34. exd4 Qe8 35. Kf1 {[%emt 0:03:31][%cal Oc6d6] Weiss will mit Rd6! Matt setzen.} Qe4 36. Rc1 Qf4 37. Qc5 {[%emt 0:03:19] Droht stark d5.} Qxh2 38. Qf5 (38. Qxa5 $2 {verliert.} Qh1+ 39. Ke2 Qxc1 $19) 38... Re8 39. Qh3 $1 {[%emt 0:00:00] Aktives Gegenspiel! Weiß setzt Matt.} (39. c8=B $2 Qh1#) 39... Qxh3 40. gxh3 {[%emt 0:00:00] KR-KR} Rc8 41. d5 Kf8 42. d6 Ke8 43. Rb1 Kd7 44. Rb8 g5 45. Ke2 h5 46. f3 f5 47. Kf2 h4 48. Kg2 {[%emt 0:00:09] Gewichteter Fehlerwert: Weiß=0.02 (makellos) /Schwarz=0.43.  Verlustzug:     	---       	Schwarz=1     Fehler:       	---       	Schwarz=1     Ungenau:       	---       	Schwarz=2     OK:         	Weiß=10    	Schwarz=7     Bester:       	Weiß=3     	Schwarz=4     Stark:        	Weiß=2     	---} 1-0

[Event "Baku Open 2024"]
[Site "Baku"]
[Date "2024.07.05"]
[Round "7.32"]
[White "Zhukova, Natalia"]
[Black "Lyutsinger, Iren"]
[Result "1-0"]
[ECO "A22"]
[WhiteElo "2306"]
[BlackElo "2069"]
[Annotator "TA"]
[PlyCount "73"]
[EventDate "2024.06.29"]
[EventType "swiss"]
[EventCountry "AZE"]
[SourceTitle "playchess.com"]
[Source "ChessBase"]
[SourceQuality "1"]
[TimeControl "5400+30"]

1. c4 e5 2. Nc3 Nf6 3. g3 d5 4. cxd5 Nxd5 5. Bg2 Nb6 6. e3 Be7 7. Nge2 O-O 8. O-O c6 {[%emt 0:16:32] The position is equal.} 9. f4 N8d7 10. d4 exd4 11. Nxd4 Nf6 12. h3 Re8 13. Qc2 Nbd5 14. Rd1 Nxc3 15. bxc3 Qa5 16. e4 Bc5 17. Kh2 Bb6 18. e5 {[%emt 0:04:00] [#] Black must now prevent Nb3.} Nd5 19. c4 Qc3 (19... Nb4 $14 20. Qb3 Bc5) 20. cxd5 $16 Bxd4 21. Qxc3 Bxc3 22. Rb1 $36 {[%emt 0:00:20][%mdl 2048] Keeping Black busy.} cxd5 23. Bxd5 Rb8 24. Ba3 {[%emt 0:03:12] White is more active.} Bf5 25. Rbc1 Rbc8 (25... Ba5 $16) 26. Bxb7 $18 Rc7 27. Bd5 Rb8 {[%emt 0:01:25] Against Bb4} (27... Be6 28. Kg2 a5) 28. g4 Be6 29. Bxe6 fxe6 30. Bd6 Rb2+ 31. Kg3 Rc4 32. Rd3 g5 33. Rdxc3 gxf4+ 34. Kf3 Rxc3+ 35. Rxc3 Rxa2 36. Kxf4 {[%emt 0:00:27] [#] White threatens Kg5 and mate.} h5 37. Ke4 {[%emt 0:07:00] Weighted Error Value: White=0.05 (flawless) /Black=0.61.  Mistake:       	---       	Black=3      Inaccurate:     	White=1     	Black=3      OK:         	White=11    	Black=8      Best:        	White=3     	Black=2} (37. Kg5 $142 Kf7 38. Rc8 (38. Kxh5 Ke8 $18) 38... Rd2 39. Kh6 (39. Kxh5 Rh2 40. h4 Rh1 41. g5 Rxh4+ 42. Kxh4 Kg6 43. Kg4 Kh7 44. Kh5 Kg7 45. Bf8+ Kg8 46. Kg6 Kh8 47. Bh6#) 39... Rxd6 40. exd6 Kf6 41. d7 (41. gxh5 Kf5 42. d7 Kf4 43. d8=Q Kf3 44. Qd3+ Kf4 45. Rc4+ Ke5 46. Qd4+ Kf5 47. Qf4#) 41... Ke5 42. d8=Q (42. d8=B hxg4 43. hxg4 Kd6 44. g5 Kd7 45. Rc7+ Kd6 46. g6 Ke5)) 1-0

[Event "Baku Open 2024"]
[Site "Baku"]
[Date "2024.07.05"]
[Round "7.33"]
[White "Khamdamova, Afruza"]
[Black "Abdinova, Narmin"]
[Result "1-0"]
[ECO "B41"]
[WhiteElo "2291"]
[BlackElo "2121"]
[Annotator "RC"]
[PlyCount "93"]
[EventDate "2024.06.29"]
[EventType "swiss"]
[EventCountry "AZE"]
[SourceTitle "playchess.com"]
[Source "ChessBase"]
[SourceQuality "1"]
[TimeControl "5400+30"]

1. e4 c5 2. Nf3 a6 3. c4 Nc6 4. d4 cxd4 5. Nxd4 Nf6 6. Nc3 Qc7 7. Be3 e6 8. a3 b6 9. Be2 Bb7 10. Nb3 d6 11. O-O Be7 12. f4 O-O 13. Rc1 Rac8 14. Qe1 Nd7 15. Qf2 Bf6 16. Nd2 Nc5 17. b4 Bxc3 18. Rxc3 Na4 19. Rcc1 Ne7 20. f5 exf5 21. exf5 f6 22. Nb3 d5 23. Nd4 Rfe8 24. Bh5 dxc4 25. Bxe8 Rxe8 26. Bf4 Qc8 27. Rfe1 b5 28. Qg3 Kf7 29. Qh3 Kg8 30. Qg4 g6 31. Re6 Bd5 32. Rxf6 Be4 33. Re1 Bxf5 34. Qg3 Bd3 35. Rfe6 Qd7 36. Nc6 Nxc6 37. Rxe8+ Kf7 38. Qh4 h5 39. R8e3 Nc3 40. Be5 Nd5 41. Rf3+ Kg8 42. Qg5 Bf5 43. Bb2 Kh7 44. h3 Nd8 45. Rxf5 Qxf5 46. Qxd8 c3 47. Bxc3 1-0

[Event "Baku Open 2024"]
[Site "Baku"]
[Date "2024.07.05"]
[Round "7.34"]
[White "Ismayil, Malak"]
[Black "Rustamov, Rustam"]
[Result "0-1"]
[ECO "B51"]
[WhiteElo "2165"]
[BlackElo "2285"]
[Annotator "RC"]
[PlyCount "52"]
[EventDate "2024.06.29"]
[EventType "swiss"]
[EventCountry "AZE"]
[SourceTitle "playchess.com"]
[Source "ChessBase"]
[SourceQuality "1"]
[TimeControl "5400+30"]

1. e4 c5 2. Nf3 d6 3. Bb5+ Nd7 4. d4 cxd4 5. Qxd4 a6 6. Be2 e5 7. Qe3 Ngf6 8. c4 d5 9. exd5 Bc5 10. Qb3 e4 11. Ng1 Ne5 12. Be3 Qa5+ 13. Nd2 Bxe3 14. Qxe3 O-O 15. Qc3 Qxc3 16. bxc3 Re8 17. Rb1 b5 18. cxb5 Nd3+ 19. Kf1 axb5 20. f3 Nxd5 21. Bxd3 exd3 22. f4 Rxa2 23. Ngf3 Bg4 24. Rxb5 Bxf3 25. Nxf3 Ne3+ 26. Ke1 Re2# 0-1

[Event "Baku Open 2024"]
[Site "Baku"]
[Date "2024.07.05"]
[Round "7.35"]
[White "Bharadia Yash"]
[Black "Moosavifar, Seyed Abolfazl"]
[Result "0-1"]
[ECO "C82"]
[WhiteElo "2100"]
[BlackElo "2283"]
[Annotator "TA"]
[PlyCount "78"]
[EventDate "2024.06.29"]
[EventType "swiss"]
[EventCountry "AZE"]
[SourceTitle "playchess.com"]
[Source "ChessBase"]
[SourceQuality "1"]
[TimeControl "5400+30"]

1. e4 e5 2. Nf3 Nc6 3. Bb5 a6 4. Ba4 Nf6 5. O-O Nxe4 6. d4 b5 7. Bb3 d5 8. dxe5 Be6 9. c3 Be7 10. Bc2 Nc5 11. Re1 Bg4 12. b4 Ne4 13. a4 Rb8 14. axb5 {[%emt 0:06:54] White is better.} axb5 15. Ra6 Qd7 16. Qd3 (16. h3 $1 $16 Bf5 17. Rxc6 Qxc6 18. Nd4) 16... Bxf3 17. gxf3 (17. Qxf3 $16 Nxe5 18. Qd1) 17... Nxe5 $11 18. Qe2 Qc8 (18... Qh3 $5 19. Bd1 $8 O-O $11 (19... Qc8 $2 20. Ra5 $18)) 19. Ra3 {[%emt 0:07:55] [#]} Qh3 $1 20. Bd1 {[%emt 0:12:57][%cal Oc1f4] [#]} Rb6 $1 21. Bf4 $1 (21. fxe4 Rg6+) 21... Rg6+ 22. Bg3 Nxg3 $40 {[%emt 0:00:10][%mdl 128] Black has some attack. Excellent horsemanship.} 23. Qxb5+ (23. Qxe5 $2 Ne2+ 24. Kh1 Qxf3#) (23. fxg3 O-O 24. f4 (24. Qxe5 $2 Bd6 $19) 24... Bh4 (24... Ng4 $2 25. Qg2 $18)) 23... Nc6 24. fxg3 O-O {[%emt 0:00:53][%cal Oe7d6] Strongly threatening ...Bd6!} 25. Qf1 Qf5 26. Ba4 {[%emt 0:00:40] Threatens to win with Bxc6.} Bh4 {[%emt 0:06:33][%cal Oh4g3] White must now prevent ...Bxg3!} (26... Bd6 $5 27. f4 (27. Bxc6 $2 Bxg3 28. Re2 Be5+ 29. Kh1 Rxc6 $19) 27... Ne7 $15) 27. Ra2 {[%emt 0:01:57] [#]} (27. Bxc6 $2 Bxg3 28. Re2 (28. hxg3 $2 Rxg3+ $19) 28... Be5+ 29. Kh1 Rxc6 $19) (27. Kg2 $1 $11 Ne5 28. Bb5) 27... Bxg3 $1 $17 {[%emt 0:03:08][%mdl 512] Black is more active.} 28. hxg3 {[%emt 0:00:16] And now Rg2 would win.} Ne5 $1 (28... Rxg3+ 29. Rg2 Rxg2+ 30. Qxg2 $11) 29. Kg2 {[%emt 0:05:01] This costs White the game.} (29. Nd2 $17 Rxg3+ 30. Kf2 Nd3+ 31. Kxg3 Qg5+ (31... Qf4+ 32. Kg2 $11) 32. Kh2 (32. Kh3 Qf5+ 33. Kg2 Qg5+ 34. Kh1 Qh4+ 35. Kg2 Nf4+ 36. Kg1 Nh3+ 37. Kg2 Nf4+ 38. Kg1 Qg3+ 39. Kh1 Qh4+ 40. Kg1 $11) 32... Qh4+ 33. Qh3 Qf2+ 34. Qg2 Qh4+ 35. Qh3 Qf2+ 36. Qg2 Qh4+ 37. Qh3) 29... Qf4 $19 30. g4 (30. Qf2 Nd3 31. Bc2 Nxf2 (31... Nxe1+ 32. Qxe1 Qc4 33. Rb2 $11) 32. Bxg6) 30... h5 $2 (30... Rh6 31. Qf2 Nd3 (31... Rh2+ $2 32. Kf1 $19)) 31. Bd1 {[%emt 0:00:49] [#]} (31. Rxe5 {was necessary.} Qxe5 32. Qe2) 31... f5 $1 (31... hxg4 32. fxg4 Qg5 33. Kg1 $11) 32. g5 {[%emt 0:00:57] [#]} ({Avoid the trap} 32. Qe2 $2 fxg4 (32... Nc4 33. Qd3 $16) 33. Kh1 gxf3 $19 (33... Qxf3+ 34. Qxf3 gxf3 35. Bb3 $11) (33... Nxf3 $2 34. Nd2 $19)) (32. Rxe5 {was the only defense.} Qxe5 33. Qe2) 32... Nd3 $1 {[%emt 0:01:55][%mdl 512] aiming for ...Qh4.} 33. Ree2 (33. Kh1 Qh4+) 33... Nc1 ({Not} 33... Qxg5+ 34. Kh1 $11) 34. Kh1 Nxa2 35. Rxa2 Rxg5 {[%emt 0:00:30] Hoping for ...Rf6.} 36. Bb3 Re8 37. Bxd5+ Kh7 {[%emt 0:00:01] ( -> ...Qg3)} 38. Rh2 Qg3 $2 (38... Rg4 {...Rh4 is the strong threat.} 39. Rxh5+ Kg6) 39. Rf2 $2 {[%emt 0:01:04] [#]} (39. Rh3 $19 Qf4 (39... Qe1 $2 40. Bc4 $19) 40. c4) 39... Re1 $3 {[%emt 0:04:35][%mdl 512] Weighted Error Value: White=0.72/Black=0.36.  Loses game:     	White=1     	---        Mistake:       	White=6     	Black=1      Inaccurate:     	White=1     	Black=2      OK:         	White=6     	Black=5      Best:        	White=3     	Black=7      Strong:       	White=1     	Black=2      Brilliant:      	---       	Black=2} 0-1

[Event "Baku Open 2024"]
[Site "Baku"]
[Date "2024.07.05"]
[Round "7.36"]
[White "Sherali Pattnaik"]
[Black "Bayramov, Zaur"]
[Result "1/2-1/2"]
[ECO "B42"]
[WhiteElo "1955"]
[BlackElo "2249"]
[Annotator "TA"]
[PlyCount "100"]
[EventDate "2024.06.29"]
[EventType "swiss"]
[EventCountry "AZE"]
[SourceTitle "playchess.com"]
[Source "ChessBase"]
[SourceQuality "1"]
[TimeControl "5400+30"]

1. e4 c5 2. Nf3 e6 3. d4 cxd4 4. Nxd4 a6 5. Bd3 Qc7 6. O-O Nf6 7. c4 Nc6 8. Nxc6 dxc6 9. Qe1 (9. Qe2 $11 {ist überlegen.}) 9... e5 (9... Ng4 $15 10. g3 e5) 10. Nd2 h6 11. f4 Be7 (11... exf4 {sieht schärfer aus.} 12. e5 Ng4 13. Ne4 Nxe5 14. Bxf4 Be6) 12. f5 b5 13. Nf3 Bd6 14. Kh1 Qe7 15. Bd2 b4 {[%emt 0:05:36] [#]} (15... Bb7 $14) 16. a3 bxa3 $14 17. bxa3 Nd7 18. Bb4 ({Besser ist} 18. Qg3 $16) 18... Rb8 19. Rb1 O-O 20. Qg3 Bxb4 21. axb4 Rxb4 22. Rxb4 Qxb4 23. Nxe5 Nxe5 24. Qxe5 Rd8 25. Be2 f6 26. Qc7 Qd6 27. Qxd6 Rxd6 $11 {[%emt 0:00:01][%cal Bd8d6,Bd6c6,Bc6c7][%mdl 4128] Endspiel. KRB-KRB} 28. Kg1 c5 29. Rb1 Kf7 30. Rb8 Rc6 31. Kf2 Ke7 32. Bf3 Rc7 33. Ke3 Kd7 $2 {[%emt 0:01:14] [#]} (33... Bb7 $1 $11 {und Schwarz ist OK.}) 34. e5 $1 $18 fxe5 35. Bd5 Kd6 {[%emt 0:01:43] [#]} 36. Ke4 a5 37. Ra8 Bb7 38. Bxb7 Rxb7 $16 {[%emt 0:00:08] KR-KR} 39. Ra6+ Ke7 40. Rxa5 {[%emt 0:00:12] Weiß steht aktiver.} (40. Kxe5 $16 {[%cal Oh2h3] Schwarz muss nun h3! beachten.} Rb2 41. Ra7+ (41. Rxa5 Rxg2 42. Rxc5 Re2+ 43. Kf4 Rf2+ 44. Kg3 Rc2 $11) 41... Kf8 42. g3 (42. Rxa5 Rxg2 43. Rxc5 Rxh2 $11)) 40... Rb2 $14 41. Rxc5 ({Natürlich nicht} 41. Kxe5 Re2+ 42. Kd5 Rxg2 $11) 41... Rxg2 42. Rxe5+ {[%emt 0:00:04] Die Stellung ist ausgeglichen.} Kd6 {[%emt 0:01:32] ( -> ...Re2+)} 43. Re6+ Kc5 44. Rg6 Re2+ (44... Rxg6 45. fxg6 Kd6 46. c5+ Kc6 47. Ke5 (47. Kd4 h5 48. h4 Kc7 49. Ke5 Kd7 50. Kd5 Kd8 51. Ke6 Kc7) 47... Kd7 48. Kd5 h5 49. h4) 45. Kd3 Rxh2 46. Rxg7 {[%emt 0:00:05] Droht stark Ke4.} Rh4 47. Rh7 {[%emt 0:01:12] Droht f6 und aus.} Rf4 48. Rc7+ Kd6 49. Ra7 Rxf5 50. Ra6+ Ke5 {[%emt 0:00:18] Weiß hat ein paar 100-prozentige Torchancen vergeben.   Gewichteter Fehlerwert: Weiß=0.15 (sehr präzise) /Schwarz=0.20 (präzise) .  Verlustzug:     	---       	Schwarz=1     Fehler:       	Weiß=3     	Schwarz=2     Ungenau:       	Weiß=3     	Schwarz=4     OK:         	Weiß=13    	Schwarz=16    Bester:       	Weiß=3     	Schwarz=6     Brilliant:      	Weiß=1     	---} 1/2-1/2

[Event "Baku Open 2024"]
[Site "Baku"]
[Date "2024.07.05"]
[Round "7.37"]
[White "Davudov, Tunar"]
[Black "Gurbanov, Ismayil"]
[Result "1-0"]
[ECO "C07"]
[WhiteElo "2249"]
[BlackElo "2163"]
[Annotator "RC"]
[PlyCount "159"]
[EventDate "2024.06.29"]
[EventType "swiss"]
[EventCountry "AZE"]
[SourceTitle "playchess.com"]
[Source "ChessBase"]
[SourceQuality "1"]
[TimeControl "5400+30"]

1. e4 e6 2. d4 d5 3. Nd2 c5 4. Ngf3 a6 5. dxc5 Bxc5 6. Bd3 Nc6 7. O-O Nge7 8. exd5 exd5 9. c3 O-O 10. Nb3 Bb6 11. Re1 Bf5 12. Be3 Bg6 13. Bxg6 hxg6 14. Qd3 Bxe3 15. Rxe3 Qc7 16. Nbd4 Nxd4 17. Nxd4 Nc6 18. Rae1 Nxd4 19. Qxd4 Qc4 20. Qxc4 dxc4 21. Re7 b5 22. Rd1 Rfd8 23. Rdd7 Rxd7 24. Rxd7 Re8 25. Kf1 Re6 26. Rd8+ Kh7 27. h4 f6 28. Rc8 Rd6 29. Ke2 Re6+ 30. Kd2 Rd6+ 31. Kc2 Re6 32. Rd8 Re2+ 33. Rd2 Re4 34. g3 Kg8 35. b3 Kf7 36. Rd7+ Ke6 37. Rxg7 Re2+ 38. Kb1 cxb3 39. axb3 Kf5 40. f3 Re3 41. g4+ Ke6 42. Kb2 Rxf3 43. Rxg6 Kf7 44. Rh6 a5 45. Rh7+ Ke6 46. Rb7 Rf4 47. Rb6+ Kd7 48. Rxb5 Rxg4 49. Rxa5 Rxh4 50. b4 Rf4 51. Rd5+ Kc6 52. Rd4 Rf1 53. Kb3 f5 54. Kc4 f4 55. b5+ Kb7 56. Kc5 f3 57. Rd7+ Kc8 58. Rf7 f2 59. c4 Kd8 60. b6 Ke8 61. Rf3 Kd7 62. Rf8 Ke7 63. Rf4 Kd7 64. b7 Rb1 65. Rxf2 Kc7 66. Rf7+ Kb8 67. Kd5 Rh1 68. Rd7 Rh6 69. c5 Rh5+ 70. Kc4 Rh6 71. Re7 Rg6 72. Kd5 Rg5+ 73. Kd6 Rg6+ 74. Re6 Rg1 75. c6 Rd1+ 76. Ke5 Rd8 77. Re7 Rh8 78. Ke6 Ka7 79. Kd7 Rh1 80. b8=Q+ 1-0

[Event "Baku Open 2024"]
[Site "Baku"]
[Date "2024.07.05"]
[Round "7.38"]
[White "Zhalmakhanov, Ramazan"]
[Black "Javadov, Habil"]
[Result "1-0"]
[ECO "D37"]
[WhiteElo "2505"]
[BlackElo "2195"]
[Annotator "TA"]
[PlyCount "45"]
[EventDate "2024.06.29"]
[EventType "swiss"]
[EventCountry "AZE"]
[SourceTitle "playchess.com"]
[Source "ChessBase"]
[SourceQuality "1"]
[TimeControl "5400+30"]

1. c4 e6 2. Nc3 d5 3. d4 a6 4. cxd5 exd5 5. Nf3 Nf6 6. Bg5 Be6 7. Bxf6 Qxf6 8. Qb3 {[%emt 0:00:05][%csl LRb7,LRd5] The position is equal.} b5 (8... Ra7 $11) 9. a4 $1 $14 (9. Nxd5 $2 Qd8 10. e4 c6 $19) 9... b4 10. Nxd5 Qd8 11. e4 {[%emt 0:00:20] Threatens to win with Bc4.} c6 {[%emt 0:03:52] [#]} 12. Qe3 $1 {[%emt 0:02:51] White is much more active.} cxd5 13. exd5 Qxd5 14. Rc1 {[%emt 0:02:13] Strongly threatening Bc4.} Be7 15. Bd3 $1 {[%emt 0:07:32] And now Be4 would win.} Qb7 {[%emt 0:00:15] ...Nd7 is the strong threat.} 16. Be4 $1 Qa7 {[%emt 0:03:30][%cal Ob8d7] [#]} 17. Qf4 $1 {[%emt 0:13:06][%cal Od4d5] Black must now prevent d5!} Bd8 ({Avoid the trap} 17... O-O $2 18. Rc7 Qb6 19. Rxe7 $18 (19. Bxa8 $2 {loses.} Bd6 $19)) 18. Bxa8 (18. d5 $1 $16 Bd7 19. Qe5+ Kf8 20. Qf4) 18... Qxa8 $11 19. d5 Bxd5 {[%emt 0:09:39] [#] This move loses the game for Black.} (19... Qxd5 $11 20. O-O (20. Qxb8 Qe4+ 21. Kf1 O-O $17) 20... Qb7) 20. Qe5+ $1 $18 Kd7 $2 (20... Be6) 21. O-O {[%emt 0:04:56] aiming for Rfd1.} ({And not} 21. Qxg7 Re8+ 22. Kf1 Qb7 $11) 21... f6 (21... Re8 $142) 22. Qf5+ Be6 23. Rfd1+ {[%emt 0:03:25] Weighted Error Value: White=0.12 (very precise) /Black=0.74.  Loses game:     	---       	Black=1      Mistake:       	White=1     	Black=3      Inaccurate:     	---       	Black=1      OK:         	White=6     	Black=5      Best:        	White=2     	Black=2      Strong:       	White=6     	---} 1-0

[Event "Baku Open 2024"]
[Site "Baku"]
[Date "2024.07.05"]
[Round "7.39"]
[White "Prokhorov, Aleksey"]
[Black "Putrenko, Kirill"]
[Result "1-0"]
[ECO "C54"]
[WhiteElo "2161"]
[BlackElo "2349"]
[Annotator "TA"]
[PlyCount "117"]
[EventDate "2024.06.29"]
[EventType "swiss"]
[EventCountry "AZE"]
[SourceTitle "playchess.com"]
[Source "ChessBase"]
[SourceQuality "1"]
[TimeControl "5400+30"]

1. e4 e5 2. Nf3 Nc6 3. Bc4 Bc5 4. O-O Nf6 5. c3 Nxe4 6. d4 d5 7. Re1 (7. Nxe5 $11 Nxe5 (7... dxc4 8. Nxc6 bxc6 9. Re1 $11) 8. Bb3) 7... exd4 8. Nbd2 O-O {[%emt 0:08:53] Black is better.} 9. Nxe4 dxe4 10. Ng5 {[%emt 0:01:14] aiming for Qh5.} Be7 (10... Bf5 $17 {...Ne5 would now be deadly.} 11. Nxe4 Bb6) 11. Qh5 Bxg5 12. Bxg5 Qd6 13. Rxe4 Bf5 14. Ree1 Bg6 15. Qf3 Rae8 16. Qd5 (16. Bf4 {simplifies} Qd7 17. h4 h5 18. Red1) 16... d3 (16... dxc3 {simplifies} 17. Qxd6 cxd6 18. bxc3 Rxe1+ 19. Rxe1 Rc8) 17. Qxd6 cxd6 18. f3 h6 19. Bf4 Ne5 20. Bxe5 Rxe5 21. Rxe5 dxe5 $11 {[%emt 0:00:07][%mdl 4096] Endgame. KRB-KRB} 22. Rd1 Rd8 23. Kf2 e4 24. fxe4 Bxe4 25. Rd2 g5 26. Ke3 Re8 27. Kf2 Kg7 28. Bxd3 Bc6 29. Bc2 h5 30. c4 a5 31. g3 f5 32. Rd6 (32. Bxf5 $2 {loses.} Rf8 33. b3 (33. g4 $2 hxg4 34. Kg3 Rxf5 $19) 33... Rxf5+ $19) 32... Re5 33. b3 f4 34. gxf4 gxf4 35. Rd4 Rg5 36. Be4 {[%emt 0:00:05] Prevents Rg2+} Rg4 37. Bxc6 bxc6 {[%emt 0:00:01] KR-KR} 38. Rd7+ Kf6 39. Ra7 Rh4 40. Rxa5 Rxh2+ 41. Kf3 Rh4 $2 {[%emt 0:00:25] Black cannot hold the game after this.} ({Better is} 41... h4 $14) 42. Rc5 $18 Ke6 43. Rxc6+ Ke5 44. Rc5+ Kd4 $2 (44... Kd6 45. Rb5 Rh2) 45. Rd5+ Kc3 46. c5 {[%emt 0:00:06][%cal Bc4c5,Bc5c6][%mdl 32] White threatens c6 and mate.} Kb4 47. c6 {[%emt 0:00:19] White mates.} Rh3+ 48. Kxf4 Rc3 49. Rd4+ ({Less strong is} 49. Rxh5 Rxc6 50. Ke3 Rd6 $16) 49... Kb5 {[%emt 0:00:07] [#]} 50. Rc4 $1 Rxc4+ 51. bxc4+ Kxc6 {[%emt 0:00:22] [#] KPP-KP} 52. a4 $1 Kb6 53. Kg5 Kc5 54. a5 ({Weaker is} 54. Kxh5 Kxc4 55. Kh6 Kd5 $11) 54... Kc6 55. Kxh5 Kb7 56. c5 Ka6 57. c6 Ka7 58. Kg6 Kb8 {[%emt 0:00:07] [#]} 59. a6 $1 {[%emt 0:00:18] Weighted Error Value: White=0.04 (flawless) /Black=0.27 (precise) .  Loses game:     	---       	Black=1      Mistake:       	White=1     	Black=2      Inaccurate:     	---       	Black=4      OK:         	White=24    	Black=14     Best:        	White=4     	Black=1} 1-0